 Dungeon Crawl Stone Soup version 0.24-a0-264-gf46a388 (webtiles) character file.

Game seed: 5089443513931178188

16646 Hasart the Arsonist (level 12, -1/68 HPs)
             Began as a Deep Elf Fire Elementalist on Apr 20, 2019.
             Was a High Priest of Sif Muna.
             Slain by a five-headed hydra (13 damage)
             ... on level 11 of the Dungeon.
             The game lasted 00:39:26 (14145 turns).

Hasart the Arsonist (Deep Elf Fire Elementalist)   Turns: 14145, Time: 00:39:27

Health: -1/68      AC:  6    Str:  8    XL:     12   Next: 11%
Magic:  18/28      EV: 18    Int: 26    God:    Sif Muna [*****.]
Gold:   215        SH:  0    Dex: 15    Spells: 10/31 levels left

rFire    . . .     SeeInvis +   e - +2 trident (venom)
rCold    . . .     Gourm    .   (no shield)
rNeg     . . .     Faith    .   B - +2 robe {Archmagi}
rPois    +         Spirit   .   I - +0 hat {MR+}
rElec    .         Reflect  .   F - +0 cloak
rCorr    .         Harm     .   H - +0 pair of gloves {Str+3}
MR       ++...                  (no boots)
Stlth    ++........             (no amulet)
HPRegen  0.21/turn              m - ring of poison resistance
MPRegen  0.21/turn              G - ring of see invisible

@: no status effects
A: no striking features
a: Divine Energy, Channel Magic, Forget Spell, Renounce Religion


You were on level 11 of the Dungeon.
You worshipped Sif Muna.
Sif Muna was extremely pleased with you.
You were not hungry.

You visited 2 branches of the dungeon, and saw 12 of its levels.

You collected 926 gold pieces.
You spent 711 gold pieces at shops.

Inventory:

Hand Weapons
 e - a +2 trident of venom (weapon)
 o - a +4 flail of holy wrath
Armour
 A - the +0 robe of the Prince of Darkness {*Corrode +Inv Dex+3 Stlth+}
   (You found it on level 7 of the Dungeon)

   It affects your dexterity (+3).
   It lets you turn invisible.
   It may corrode you when you take damage.
   It makes you more stealthy.
 B - a +2 robe of the Archmagi (worn)
 F - a +0 cloak (worn)
 H - a +0 pair of gloves of strength (worn)
 I - a +0 hat of magic resistance (worn)
Jewellery
 m - a ring of poison resistance (left hand)
 r - an uncursed ring of positive energy
 C - an uncursed ring of flight
 G - a ring of see invisible (right hand)
Wands
 a - a wand of acid (6)
 v - a wand of random effects (37)
 w - a wand of flame (43)
 D - a wand of iceblast (10)
 K - a wand of enslavement (6)
 L - a wand of scattershot (8)
Scrolls
 b - 4 scrolls of blinking {unknown}
 g - 2 scrolls of amnesia {unknown}
 i - 2 scrolls of magic mapping
 j - 3 scrolls of remove curse
 l - 5 scrolls of immolation {unknown}
 n - 5 scrolls of teleportation
 q - 3 scrolls of identify
 t - a scroll of enchant armour {unknown}
 u - 3 scrolls of enchant weapon {unknown}
 x - a scroll of fear {unknown}
 y - 3 scrolls of random uselessness {unknown}
 z - a scroll of noise {unknown}
 M - a scroll of summoning {unknown}
 O - a scroll of vulnerability {unknown}
Potions
 d - a potion of degeneration {unknown}
 f - 3 potions of haste {unknown}
 h - 5 potions of curing
 k - 2 potions of heal wounds {unknown}
 p - 4 potions of flight {unknown}
 s - a potion of ambrosia {unknown}
 E - a potion of lignification {unknown}
 J - a potion of brilliance {unknown}
 P - a potion of magic {unknown}
Comestibles
 c - 15 rations
 N - 15 chunks of flesh


   Skills:
 - Level 5.0 Fighting
 + Level 9.2 Dodging
 - Level 2.4 Stealth
 + Level 10.1 Spellcasting
 * Level 11.2 Conjurations
 + Level 3.5 Charms
 * Level 11.6 Fire Magic
 + Level 2.5 Earth Magic
 + Level 4.1 Invocations
 + Level 3.2 Evocations


You had 10 spell levels left.
You knew the following spells:

 Your Spells              Type           Power        Failure   Level  Hunger
a - Flame Tongue          Conj/Fire      #####        1%          1    None
b - Sticky Flame          Conj/Fire      #######.     1%          4    None
c - Fireball              Conj/Fire      #######...   1%          5    ####...
d - Iskenderun's Battles  Conj/Chrm      ######..     6%          5    ####...
e - Iron Shot             Conj/Erth      ######....   38%         6    #####..

Your spell library contained the following spells:

 Spells                   Type           Power        Failure   Level  Hunger
 Throw Flame              Conj/Fire      ######       1%          2    None
 Conjure Flame            Conj/Fire      #######.     1%          3    None
 Inner Flame              Hex/Fire       ######..     1%          3    None
 Iskenderun's Mystic Bla  Conj           #######.     1%          4    None
 Bolt of Magma            Conj/Fire/Erth ######....   3%          5    ####...
 Animate Skeleton         Necr           N/A          4%          1    None
 Apportation              Tloc           ###...       4%          1    None
 Confusing Touch          Hex            ###...       4%          1    None
 Summon Small Mammal      Summ           ###.         4%          1    None
 Lightning Bolt           Conj/Air       ######....   13%         5    ####...
 Venom Bolt               Conj/Pois      ######....   13%         5    ####...
 Orb of Destruction       Conj           #######...   36%         7    #######
 Spellforged Servitor     Conj/Summ      ######....   98%         7    #######


Dungeon Overview and Level Annotations

Branches:
Dungeon (11/15)            Temple (1/1) D:5            Lair (0/6) D:11
    Orc (0/2) D:11

Altars:
Ashenzari
Cheibriados
Dithmenos
Elyvilon
Fedhas
Gozag
Hepliaklqana
Kikubaaqudgha
Makhleb
Nemelex Xobeh
Okawaru
Qazlal
Ru
Sif Muna
Trog
Uskayaw
Vehumet
Wu Jian
Xom
Yredelemnul
Zin
The Shining One

Shops:
D:8 ****   D:9 *


Message History

The five-headed hydra bites you.
* * * LOW HITPOINT WARNING * * *
Unknown command.
Unknown command.
Unknown command.
Unknown command.
The five-headed hydra burns!
The five-headed hydra stops burning.
Casting: Fireball (safe; 1% risk of failure)
Confirm with . or Enter, or press ? or * to list all spells.
Okay, then.
Okay, then.
Casting: Fireball (safe; 1% risk of failure)
Confirm with . or Enter, or press ? or * to list all spells.
Aiming: Fireball (safe; 1% risk of failure)
Press: ? - help, Shift-Dir - straight line You feel a surge of power!
The fireball explodes!
The fireball engulfs the five-headed hydra!!
The five-headed hydra is almost dead.
The five-headed hydra bites you!
You die...

######## ########## .......#
#........# ######### .......#
#..÷.....# #.......# ......>#
#........# #.......# .......#
###.÷......#####.......#
##.....###......@D......#.......#
.#.....##..#........###.#........
.#.....#..##........# #.........#
.#.....'.###........# ###.......#
.#>..÷.### #........# #.......#
...##### ###.###### #.......#
...# #.# #####.### 8..# #.# #..##
..# ##..#


You could see a five-headed hydra.

Vanquished Creatures
  Gastronok (D:9)
  2 hydras (D:11)
  A two-headed ogre (D:10)
  An unseen horror (D:11)
  A deep elf mage (D:8)
  An oklob plant (D:11)
  An ugly thing (D:11)
  Joseph (D:8)
  Maurice (D:8)
  A gargoyle (D:9)
  A troll (D:10)
  2 hippogriffs
  Sigmund (D:6)
  18 yaks
  3 hungry ghosts (D:11)
  A two-headed ogre zombie (D:11)
  Duvessa (D:6)
  6 orc warriors
  3 ice beasts
  2 sky beasts (D:9)
  2 black bears
  7 phantoms
  4 ogres
  11 centaurs
  3 big kobolds
  Blork the orc (D:5)
  6 bullfrogs
  A wyvern zombie (D:11)
  Dowan (D:6)
  4 scorpions
  A troll zombie (D:11)
  15 killer bees
  4 howler monkeys
  3 crimson imps
  3 bullfrog zombies (D:9)
  2 centaur zombies
  7 hounds
  2 jellies
  2 bullfrog skeletons
  9 orc priests
  11 orc wizards
  7 worker ants
  A killer bee zombie (D:9)
  6 ogre zombies (D:11)
  2 hound skeletons
  A howler monkey zombie (D:5)
  A worker ant zombie (D:5)
  12 adders
  A river rat (D:4)
  2 oozes
  An adder skeleton (D:9)
  3 worms (D:2)
  2 dart slugs (D:1)
  3 leopard geckos
  37 orcs
  3 ball pythons
  7 giant cockroaches
  8 goblins
  3 hobgoblins (D:3)
  20 jackals
  23 kobolds
  5 quokkas
  4 bats
  9 frilled lizards
  7 goblin zombies (D:11)
  3 hobgoblin skeletons (D:11)
  5 hobgoblin zombies (D:11)
  A jackal skeleton (D:5)
  2 orc skeletons (D:11)
  8 orc zombies (D:11)
  A quokka zombie (D:7)
  6 rats
  2 plants (D:11)
344 creatures vanquished.

Notes
Turn   | Place    | Note
-------+----------+-------------------------------------------
     0 | D:1      | Hasart the Deep Elf Fire Elementalist began the quest for
                  | the Orb.
     0 | D:1      | Reached XP level 1. HP: 10/10 MP: 6/6
    16 | D:1      | You fall through a shaft!
    92 | D:2      | Reached XP level 2. HP: 7/15 MP: 0/8
   468 | D:2      | Reached XP level 3. HP: 19/19 MP: 9/9
   959 | D:2      | Reached XP level 4. HP: 23/24 MP: 11/11
  1012 | D:2      | Learned a level 4 spell: Sticky Flame
  2952 | D:3      | Reached XP level 5. HP: 9/28 MP: 0/13
  2960 | D:3      | Learned a level 5 spell: Fireball
  3224 | D:4      | Noticed a black bear
  3247 | D:4      | Killed a black bear
  3247 | D:4      | Reached skill level 5 in Fire Magic
  3395 | D:4      | Reached XP level 6. HP: 18/32 MP: 9/14
  3820 | D:4      | Reached skill level 1 in Fighting
  3820 | D:4      | Reached XP level 7. HP: 15/38 MP: 5/16
  4150 | D:4      | Found a blossoming altar of Fedhas.
  4153 | D:4      | Found an iron altar of Okawaru.
  4156 | D:4      | Found a burning altar of Makhleb.
  4159 | D:4      | Found a bloodstained altar of Trog.
  4163 | D:4      | Reached skill level 5 in Spellcasting
  4259 | D:4      | Found a glowing golden altar of the Shining One.
  4455 | D:5      | Entered Level 5 of the Dungeon
  4458 | D:5      | Found a staircase to the Ecumenical Temple.
  4469 | Temple   | Entered the Ecumenical Temple
  4549 | Temple   | Became a worshipper of Sif Muna the Loreminder
  5362 | D:5      | Reached skill level 5 in Conjurations
  5836 | D:5      | Found a radiant altar of Vehumet.
  5836 | D:5      | Noticed Blork the orc
  5852 | D:5      | Killed Blork the orc
  5858 | D:5      | Reached XP level 8. HP: 26/44 MP: 4/18
  5918 | D:5      | Reached skill level 5 in Dodging
  5984 | D:5      | Found a basalt altar of Yredelemnul.
  6136 | D:5      | Found a shimmering altar of Xom.
  6287 | D:6      | Noticed Dowan
  6289 | D:6      | Noticed Duvessa
  6296 | D:6      | Killed Dowan
  6299 | D:6      | Killed Duvessa
  6411 | D:6      | Found a shadowy altar of Dithmenos.
  6415 | D:6      | Reached * piety under Sif Muna
  6559 | D:6      | Noticed Sigmund
  6567 | D:6      | Killed Sigmund
  7008 | D:6      | Reached XP level 9. HP: 49/49 MP: 15/21
  7087 | D:6      | Found a hide-covered altar of Uskayaw.
  7295 | D:7      | Reached ** piety under Sif Muna
  7541 | D:7      | Got a shadowed robe
  7545 | D:7      | Identified the +0 robe of the Prince of Darkness {*Corrode
                  | +Inv Dex+3 Stlth+} (You found it on level 7 of the Dungeon)
  7757 | D:7      | Found a glowing silver altar of Zin.
  7869 | D:8      | Found Lauffov's Assorted Antiques.
  7877 | D:8      | Bought a scroll labeled MYSOYH PAESCH for 28 gold pieces
  7961 | D:8      | Found Zaunyzub's Assorted Antiques.
  7988 | D:8      | Bought a tubular ivory ring for 160 gold pieces
  7988 | D:8      | Bought a fuming sapphire potion for 28 gold pieces
  8096 | D:8      | Reached *** piety under Sif Muna
  8185 | D:8      | Noticed Joseph
  8201 | D:8      | Killed Joseph
  8490 | D:8      | Found Jesuut's General Store.
  8510 | D:8      | Found Vakuymn's General Store.
  8547 | D:8      | Found a basalt altar of Yredelemnul.
  8634 | D:8      | Noticed Maurice
  8640 | D:8      | Killed Maurice
  8640 | D:8      | Reached XP level 10. HP: 56/56 MP: 11/24
  8725 | D:8      | Found a hazy altar of Hepliaklqana.
  8880 | D:9      | Found Huasoroa's General Store.
  9069 | D:9      | Noticed Gastronok
  9102 | D:9      | Killed Gastronok
  9105 | D:9      | Noticed a deep elf mage
  9272 | D:9      | Reached skill level 10 in Fire Magic
  9312 | D:9      | Reached **** piety under Sif Muna
  9366 | D:9      | Noticed a gargoyle
  9620 | D:9      | Killed a gargoyle
  9629 | D:9      | Reached skill level 1 in Invocations
  9639 | D:8      | Killed a deep elf mage
  9966 | D:9      | Reached skill level 10 in Conjurations
 10127 | D:9      | Found a basalt altar of Yredelemnul.
 10386 | D:10     | Entered Level 10 of the Dungeon
 10430 | D:10     | Reached XP level 11. HP: 62/62 MP: 16/26
 10783 | D:10     | Reached skill level 5 in Fighting
 11045 | D:10     | Reached ***** piety under Sif Muna
 11654 | D:10     | Reached skill level 1 in Evocations
 11730 | D:10     | Noticed a two-headed ogre
 11751 | D:10     | Killed a two-headed ogre
 11751 | D:10     | Identified Sif Muna's Reference Book on the Hurtful
                  | Arsonist (Sif Muna gifted it to you on level 10 of the
                  | Dungeon)
 11751 | D:10     | Received a gift from Sif Muna
 11856 | D:9      | Bought a book of Power for 495 gold pieces
 11862 | D:9      | Learned a level 5 spell: Iskenderun's Battlesphere
 11869 | D:9      | Learned a level 6 spell: Iron Shot
 12154 | D:11     | Noticed an unseen horror
 12166 | D:11     | Killed an unseen horror
 12166 | D:11     | Reached skill level 1 in Charms
 12303 | D:11     | Got a dazzling ring mail
 12304 | D:11     | Identified the +3 ring mail of Woviyzin {Slay+3} (You found
                  | it on level 11 of the Dungeon)
 12317 | D:11     | Noticed a red ugly thing
 12324 | D:11     | Killed a red ugly thing
 12324 | D:11     | Reached skill level 1 in Earth Magic
 12402 | D:11     | Found a staircase to the Lair.
 12428 | D:11     | Noticed an oklob plant
 12434 | D:11     | Killed an oklob plant
 12769 | D:11     | Noticed an eight-headed hydra
 12772 | D:11     | Killed an eight-headed hydra
 12851 | D:11     | Noticed a seven-headed hydra
 12857 | D:11     | Killed a seven-headed hydra
 13236 | D:11     | Reached skill level 10 in Spellcasting
 13248 | D:11     | Reached XP level 12. HP: 66/68 MP: 2/28
 13715 | D:11     | Found a staircase to the Orcish Mines.
 14123 | D:11     | Noticed a five-headed hydra
 14145 | D:11     | Slain by a five-headed hydra

Levels and vault maps discovered:
D:1:      wheals_arrival_linesprint, layout_basic
D:2:      layout_loops_cross, grunt_decor_arrowhead
D:3:      layout_loops_ring, first_ration
D:4:      layout_layer_cave, tso_oasis_becter, grunt_temple_overflow_cloverleaf,
          gup_sewer_entry_bowl
D:5:      layout_loops_ring, xom_butterflies, old_standard_altar,
          vehumet_altar_wand_db, minmay_temple_entry_trees, uniq_blork_the_orc
D:6:      layout_loops_ring, eat_drink_and_be_merry_uskayaw, basic_altar,
          uniq_sigmund, uniq_duvessa
D:7:      layout_rooms, overflow_temple_1_default
D:8:      layout_cave_pools, lemuel_doored_altar, serial_rivers,
          chequers_serial_rivers_micro_b, chequers_serial_rivers_micro_c,
          chequers_serial_rivers_room_a, chequers_serial_rivers_micro_c,
          chequers_serial_rivers_micro_a, basic_altar, serial_shops, shop,
          nicolae_shop_window_shopping, shop, kennysheep_mini_moat,
          uniq_maurice, uniq_joseph
D:9:      layout_rooms, basic_altar, serial_shops, shop, uniq_gastronok
D:10:     minmay_goldmine, layout_stronghold
D:11:     layout_roguey, dpeg_oklobed_lair, zombieorc2_lemuel,
          hangedman_fish_farm
Temple:   jpeg_temple_clearing

Skill      XL: |  1  2  3  4  5  6  7  8  9 10 11 12 |
---------------+-------------------------------------+-----
Conjurations   | 2 3 4 5 7 8 10 11 | 11.2
Fire Magic     | 4 5 6 7 9 10 11 | 11.6
Dodging        | 3 4 5 7 8 9 |  9.2
Spellcasting   | 4 5 6 8 9 10 | 10.1
Fighting       | 1 2 3 4 5 |  5.0
Invocations    | 1 3 4 |  4.1
Evocations     | 2 3 |  3.2
Charms         | 3 |  3.5
Earth Magic    | 2 |  2.5
Stealth        | |  2.4

Action                   |  1- 3 |  4- 6 |  7- 9 | 10-12 || total
-------------------------+-------+-------+-------+-------++-------
Melee: Dagger            |     3 |       |       |       ||     3
       Trident           |    47 |   106 |    71 |   122 ||   346
       Flail             |       |     5 |    19 |     5 ||    29
 Cast: Flame Tongue      |    22 |    54 |   115 |   253 ||   444
       Sticky Flame      |       |     4 |    18 |    23 ||    45
       Fireball          |       |       |    16 |    60 ||    76
       Iskenderun's Batt |       |       |       |     1 ||     1
Invok: Divine Energy     |       |       |     1 |     2 ||     3
       Stop Divine Energ |       |       |     1 |     2 ||     3
Evoke: Wand              |       |       |       |     1 ||     1
  Use: Scroll            |       |       |     4 |     2 ||     6
       Potion            |       |       |     1 |       ||     1
 Stab: Sleeping          |     3 |    12 |     2 |     1 ||    18
       Distracted        |       |       |     2 |       ||     2
  Eat: Chunk             |       |    10 |    14 |    20 ||    44
       Ration            |       |       |     2 |     3 ||     5
Armor: Robe              |    10 |    16 |    12 |    40 ||    78
Dodge: Dodged            |    38 |    88 |   111 |   217 ||   454

Table legend:
 A = Non-vault XP
 B = Vault XP
 C = Vault XP percentage of total XP
 D = Non-vault monster count
 E = Vault monster count
 F = Vault count percentage of total count
                 A         B        C        D         E       F
            +---------+---------+-------+---------+---------+-------
      Total |   18280 |    5501 |  23.1 |     283 |      59 |  17.3
            +---------+---------+-------+---------+---------+-------
        D:1 |      31 |       0 |   0.0 |      19 |       0 |   0.0
        D:2 |     102 |       0 |   0.0 |      29 |       0 |   0.0
        D:3 |      43 |       0 |   0.0 |      17 |       0 |   0.0
        D:4 |     609 |      16 |   2.6 |      21 |       3 |  12.5
        D:5 |     768 |      98 |  11.3 |      22 |       2 |   8.3
        D:6 |     793 |     442 |  35.8 |      17 |       3 |  15.0
        D:7 |    1283 |       0 |   0.0 |      25 |       0 |   0.0
        D:8 |    1275 |     881 |  40.9 |      19 |       2 |   9.5
        D:9 |    2276 |    2161 |  48.7 |      41 |       1 |   2.4
       D:10 |    4105 |     436 |   9.6 |      31 |      11 |  26.2
       D:11 |    6995 |    1467 |  17.3 |      42 |      37 |  46.8
            +---------+---------+-------+---------+---------+-------
